 Dungeon Crawl Stone Soup version 0.20-a0-1062-g7b787ac (webtiles) character file.

13717 DevlanMud the Basher (level 11, -1/99 HPs)
             Began as a Pale Draconian Fighter on Apr 27, 2017.
             Was an Elder of the Shining One.
             Killed by Ozocubu's Refrigeration
             ... invoked by Fannar
              (12 damage)
             ... on level 12 of the Dungeon.
             The game lasted 00:24:39 (11522 turns).

DevlanMud the Basher (Pale Draconian Fighter)      Turns: 11522, Time: 00:24:42

Health: -1/99      AC: 13    Str: 24    XL:     11   Next: 79%
Magic:  0/17       EV: 12    Int: 11    God:    the Shining One [****..]
Gold:   774        SH: 21    Dex: 13    Spells: 10/10 levels left

rFire    . . .     SeeInvis .   a - +2 morningstar
rCold    . . .     Gourm    .   z - +0 shield
rNeg     + + .     Faith    .   (armour unavailable)
rPois    .         Spirit   +   u - +2 hat
rElec    .         Reflect  .   (no cloak)
rCorr    +         Harm     .   D - +2 pair of gloves {archery}
MR       .....                  L - +0 pair of boots (curse)
Stlth    +.........             n - amulet of guardian spirit
Regen    0.3/turn               H - ring of resist corrosion
MPRegen  0.2/turn               (no ring)

@: mighty, divine shield, short of breath, glowing
A: breathe steam, unfitting armour, camouflage 1, agile 1, wild magic 1,
cold-blooded, AC +7
a: Breathe Steam, Divine Shield, Cleansing Flame, Renounce Religion


You were on level 12 of the Dungeon.
You worshipped the Shining One.
The Shining One was greatly pleased with you.
You were hungry.

You visited 2 branches of the dungeon, and saw 12 of its levels.

You collected 792 gold pieces.
You spent 18 gold pieces at shops.

Inventory:

Hand Weapons
 a - a +2 morningstar (weapon)
 b - a +0 flail of holy wrath
Armour
 u - a +2 hat (worn)
 z - a +0 shield (worn)
 D - a +2 pair of gloves of archery (worn)
 L - a cursed +0 pair of boots (worn)
Jewellery
 n - an amulet of guardian spirit (around neck)
 C - an uncursed ring of fire
 H - a ring of resist corrosion (left hand)
Wands
 p - a wand of flame (15/48)
 y - a wand of iceblast (6/15)
 B - a wand of iceblast (7/15)
 F - a wand of scattershot (6/9)
 J - a wand of paralysis (7/24)
 K - a wand of acid (10/15)
 M - a wand of scattershot (5/9)
 N - a wand of paralysis (9/24)
Scrolls
 e - 2 scrolls of fog
 f - 4 scrolls of enchant weapon
 g - 4 scrolls of blinking
 h - 5 scrolls of identify
 w - 9 scrolls of teleportation
 x - 2 scrolls of torment {unknown}
 A - 3 scrolls of recharging
 E - 3 scrolls of amnesia
 I - 2 scrolls of remove curse
Potions
 i - a potion of brilliance
 l - 6 potions of lignification
 m - a potion of haste
 o - a potion of degeneration {unknown}
 q - 2 potions of curing
 r - a potion of berserk rage {unknown}
 t - a potion of mutation
 G - a potion of cancellation {unknown}
Books
 s - a book of Flames

   Spells                             Type                      Level
   a - Flame Tongue                   Conjuration/Fire             1
   b - Throw Flame                    Conjuration/Fire             2
   c - Conjure Flame                  Conjuration/Fire             3
   d - Inner Flame                    Hexes/Fire                   3
   e - Sticky Flame                   Conjuration/Fire             4
   f - Fireball                       Conjuration/Fire             5
Comestibles
 d - 3 bread rations
 j - 18 fruits
 k - 11 royal jellies
 v - 8 meat rations


   Skills:
 + Level 10.1 Fighting
 * Level 12.3 Maces & Flails
 - Level 2.6 Dodging
 + Level 9.4 Shields
 + Level 8.7 Invocations


You had 10 spell levels left.
You didn't know any spells.

Dungeon Overview and Level Annotations

Branches:
Dungeon (10/15)            Temple (1/1) D:5
   Lair: D:8-11         Orc: D:9-12

Altars:
Ashenzari
Cheibriados
Dithmenos
Elyvilon
Fedhas
Gozag
Hepliaklqana
Kikubaaqudgha
Makhleb
Nemelex Xobeh
Okawaru
Qazlal
Ru
Sif Muna
Trog
Uskayaw
Vehumet
Wu Jian
Xom
Yredelemnul
Zin
The Shining One

Shops:
D:7 %   D:10 [

Annotations:
D:12 Fannar


Innate Abilities, Weirdness & Mutations

You can breathe blasts of scalding, opaque steam.
Your pale cyan-grey scales are hard. (AC +7)
You cannot fit into any form of body armour.
You are cold-blooded and may be slowed by cold attacks.
Your skin changes colour to match your surroundings (Stealth+).
You are agile. (Dex +2)
Your spells are a little harder to cast, but a little more powerful.


Message History

You bludgeon Rupert!!
You kill Rupert!
Your Fighting skill increases to level 10!
Your Maces & Flails skill increases to level 12!
Press: ? - help, Shift-Dir - straight line, f - Fannar
Aim: Fannar, wielding a staff of cold and wearing a robe of cold resistance (covered in an icy film, haloed)
You exhale a blast of scalding steam.
The ball of steam misses Fannar.
You feel somewhat more hungry.
Fannar is engulfed in a cloud of scalding steam.
Fannar's icy armour evaporates.
Fannar mumbles some strange words.
A film of ice covers Fannar's body!
You closely miss Fannar.
Your tail-slap misses Fannar.
Fannar is lightly wounded.
Fannar's icy armour evaporates.
Fannar mumbles some strange words.
Fannar drains the heat from the surrounding environment!
You feel very cold.
* * * LOW MAGIC WARNING * * *
You die...

#.............##...........####.
######..##.##.#####..#####......
#..##. ...........########.
#..## #########............ #..#
### ###.#########
#######).####.## #...........
.............#.## #.#..#......
.######..##.###.###....##.#####
#..#.## ##@e§.......#
#.###.###.###....##. #.# #..#.##
##.#.# #.# #.#.## ....# ..#
#.#..........# #.#
#.#..####...## #.#..# . ......
## #######


You could see Fannar.

Vanquished Creatures
  Rupert (D:12)
  A hydra (D:12)
  A two-headed ogre (D:9)
  The ghost of lordive the Cleaver, a novice HOFi of Okawaru (D:9)
  The ghost of ktulu8bugs the Firebug, a novice HOFE of Cheibriados (D:8)
  A manticore (D:12)
  2 centaur zombies
  A kobold demonologist (D:12)
  A hornet (D:12)
  Prince Ribbit (D:8)
  A hippogriff (D:10)
  A meliai zombie (D:12)
  A vampire (D:12)
  10 yaks (D:9)
  5 orc warriors
  5 ice beasts
  5 sky beasts
  A black bear (D:12)
  6 ogres
  2 phantoms (D:8)
  2 necrophages
  2 centaurs
  A big kobold (D:6)
  A gnoll sergeant (D:4)
  4 bullfrogs
  3 scorpions
  8 killer bees (D:8)
  4 jellies
  14 wights
  A howler monkey (D:9)
  5 crimson imps
  A lava snake (D:8)
  2 orc priests
  5 hounds
  8 orc wizards
  A centaur skeleton (D:12)
  Ijyb (D:4)
  3 iguanas
  4 worker ants
  A killer bee zombie (D:10)
  2 hound skeletons
  2 worker ant zombies
  3 gnolls (D:4)
  15 adders
  3 shadow imps
  A white imp (D:5)
  6 oozes
  An adder zombie (D:8)
  An adder skeleton (D:7)
  A worm (D:2)
  6 dart slugs
  6 leopard geckos
  30 orcs
  2 ball pythons
  3 giant cockroaches
  4 hobgoblins
  22 jackals
  6 kobolds
  9 quokkas
  8 bats
  8 frilled lizards
  8 goblins
  A quokka skeleton (D:8)
  10 rats
277 creatures vanquished.

Notes
Turn   | Place    | Note
-------+----------+-------------------------------------------
     0 | D:1      | DevlanMud the Draconian Fighter began the quest for the Orb.
     0 | D:1      | Reached XP level 1. HP: 19/19 MP: 1/1
   347 | D:1      | Reached XP level 2. HP: 26/26 MP: 2/2
  1324 | D:2      | Reached XP level 3. HP: 31/31 MP: 3/3
  1722 | D:2      | Reached skill level 3 in Maces & Flails
  1928 | D:2      | Found a blossoming altar of Fedhas.
  2315 | D:2      | Reached XP level 4. HP: 40/40 MP: 4/4
  3023 | D:3      | Reached XP level 5. HP: 31/46 MP: 5/5
  3107 | D:3      | Noticed a centaur
  3114 | D:3      | Killed a centaur
  3114 | D:3      | Reached skill level 4 in Maces & Flails
  3498 | D:3      | Reached XP level 6. HP: 26/53 MP: 6/6
  4088 | D:4      | Reached skill level 5 in Maces & Flails
  4181 | D:4      | Found a bloodstained altar of Trog.
  4241 | D:4      | Reached skill level 5 in Fighting
  4343 | D:4      | Noticed Ijyb
  4366 | D:4      | Killed Ijyb
  4445 | D:4      | Your scales start taking on a pale cyan-grey colour.
  4445 | D:4      | Reached XP level 7. HP: 8/61 MP: 7/7
  4446 | D:4      | Reached skill level 5 in Shields
  4922 | D:5      | Entered Level 5 of the Dungeon
  4931 | D:5      | Found a staircase to the Ecumenical Temple.
  4940 | Temple   | Entered the Ecumenical Temple
  5241 | Temple   | Became a worshipper of the Shining One
  5482 | D:5      | Reached skill level 6 in Maces & Flails
  5725 | D:5      | Gained mutation: You are agile. (Dex +2) [potion of mutation]
  5725 | D:5      | Gained mutation: Your skin changes colour to match your surroundings (Stealth+). [potion of mutation]
  5725 | D:5      | Gained mutation: Your spells are a little harder to cast, but a little more powerful. [potion of mutation]
  5742 | D:5      | Reached skill level 1 in Invocations
  6179 | D:5      | Reached XP level 8. HP: 68/70 MP: 9/9
  6237 | D:5      | Found an ornate altar of the Wu Jian Council.
  6272 | D:5      | Reached * piety under the Shining One
  6697 | D:6      | Found a stormy altar of Qazlal.
  6718 | D:6      | Reached skill level 7 in Maces & Flails
  7346 | D:6      | Found a sacrificial altar of Ru.
  7518 | D:7      | Reached skill level 8 in Maces & Flails
  7532 | D:7      | Reached XP level 9. HP: 74/78 MP: 12/12
  7536 | D:7      | Reached ** piety under the Shining One
  7681 | D:7      | Found Levonoju's Food Shoppe.
  8192 | D:8      | Noticed Prince Ribbit
  8196 | D:8      | Killed Prince Ribbit
  8233 | D:8      | Noticed ktulu8bugs's ghost (novice HOFE)
  8257 | D:8      | Killed ktulu8bugs's ghost
  8257 | D:8      | Reached skill level 9 in Maces & Flails
  8257 | D:8      | Reached skill level 5 in Invocations
  8666 | D:8      | Reached XP level 10. HP: 47/88 MP: 14/14
  8996 | D:8      | Reached *** piety under the Shining One
  9496 | D:9      | Reached skill level 10 in Maces & Flails
  9555 | D:9      | Found Jazuid's Armour Boutique.
  9621 | D:9      | Noticed a two-headed ogre
  9628 | D:9      | Killed a two-headed ogre
  9718 | D:9      | Noticed lordive's ghost (novice HOFi)
  9739 | D:9      | Killed lordive's ghost
 10378 | D:9      | Reached **** piety under the Shining One
 10392 | D:9      | Reached skill level 11 in Maces & Flails
 10524 | D:9      | Reached XP level 11. HP: 97/97 MP: 16/16
 10857 | D:10     | Entered Level 10 of the Dungeon
 10857 | D:10     | Found Tugro's Armour Boutique.
 10860 | D:10     | Bought a cursed +0 pair of boots for 18 gold pieces
 11117 | D:10     | You fall through a shaft for 2 floors!
 11370 | D:12     | Noticed a seven-headed hydra
 11381 | D:12     | Killed a seven-headed hydra
 11493 | D:12     | Noticed Rupert
 11511 | D:12     | Noticed Fannar
 11520 | D:12     | Killed Rupert
 11520 | D:12     | Reached skill level 10 in Fighting
 11520 | D:12     | Reached skill level 12 in Maces & Flails
 11522 | D:12     | Killed from afar by Fannar

Vault maps used:
D:1:      sevenhm_arrival_forest_fort_small_4
D:2:      lemuel_crystal_altar, serial_forest, infiniplex_forest_lined_4_way,
          infiniplex_forest_end_double, infiniplex_forest_lined_room_,
          infiniplex_forest_corner_1, infiniplex_forest_straight_4,
          infiniplex_forest_lined_3, infiniplex_forest_clump_small
D:4:      kennysheep_mini, first_bread, uniq_ijyb
D:5:      nicolae_overflow_crystal_walls, minmay_temple_entry_trees,
          minmay_fire_ice_demons
D:6:      nicolae_qazlal_general_emergency, nicolae_ru_path_of_blood
D:7:      serial_shops, nicolae_shop_temple_entry_statues_fountains,
          dk_vineyard_2
D:8:      kennysheep_cluttered_room, uniq_prince_ribbit1
D:9:      serial_shops, nicolae_shop_waterfront, hangedman_little_slice_of_home
D:10:     serial_undead, serial_undead_b, serial_undead_a, serial_undead_b,
          serial_undead_a, serial_undead_c, serial_undead_e, serial_undead_b,
          serial_undead_e, serial_shops, shop_fountains, shop_fountains,
          kennysheep_mini_moat, nicolae_shop_waterfront, nicolae_shop_crystal
D:12:     cheibrodos_elevator_heist, zombieorc2_lemuel,
          minmay_misc_feat_four_crosses, uniq_rupert, uniq_snorg, uniq_fannar
Temple:   minmay_temple_bridge_d

Skill      XL: |  1  2  3  4  5  6  7  8  9 10 11 |
---------------+----------------------------------+-----
Maces & Flails | 3 4 5 6 8 9 11 12 | 12.3
Fighting       | 4 5 6 7 9 10 | 10.1
Shields        | 4 5 6 7 8 9 |  9.4
Invocations    | 2 4 5 7 8 |  8.7
Dodging        | |  2.6

Action                   |  1- 3 |  4- 6 |  7- 9 | 10-12 || total
-------------------------+-------+-------+-------+-------++-------
Melee: Flail             |   144 |   128 |       |    12 ||   284
       Tailslap          |    11 |    18 |    37 |    43 ||   109
       Morningstar       |       |    80 |   311 |   255 ||   646
Invok: Divine Shield     |       |       |       |     2 ||     2
 Abil: Breathe Steam     |       |       |    15 |    17 ||    32
  Use: Scroll            |     1 |     8 |     2 |     3 ||    14
       Potion            |     1 |     5 |     5 |     2 ||    13
 Stab: Sleeping          |       |     1 |       |       ||     1
       Invisible         |       |     1 |       |       ||     1
  Eat: Chunk             |     5 |     7 |    13 |    11 ||    36
       Royal jelly       |       |       |     1 |       ||     1
Armor: Skin              |    56 |    70 |    81 |    64 ||   271
Dodge: Dodged            |    91 |    81 |    95 |    67 ||   334
Block: Shield            |    85 |   110 |   174 |   124 ||   493
